 Dungeon Crawl Stone Soup version 0.14.1 (webtiles) character file.

32 keeper the Grave Robber (level 2, 0/15 HPs)
             Began as a Kobold Necromancer on Apr 30, 2014.
             Slain by a bat (1 damage)
             ... on Level 1 of the Dungeon.
             The game lasted 00:02:12 (791 turns).

keeper the Grave Robber (Kobold Necromancer)         Turns: 791, Time: 00:02:12

HP   0/15        AC  2     Str  7      XL: 2   Next: 75%
MP   4/4         EV 15     Int 13      God:
Gold 16          SH  0     Dex 15      Spells:  2 memorised,  3 levels left

rFire  . . .     SeeInvis .     e - -2,+0 dagger (curse)
rCold  . . .     Clarity  .     g - +0 robe
rNeg   . . .     Conserve .     (no shield)
rPois  .         rCorr    .     (no helmet)
rElec  .         rRot     .     (no cloak)
SustAb . .       Spirit   .     (no gloves)
rMut   .         Warding  .     (no boots)
Saprov + + .     Stasis   .     (no amulet)
MR     .....                    (no ring)
                                (no ring)

@: not resistant to hostile enchantments, stealthy
A: disease resistance, carnivore 3, saprovore 2
a: no special abilities


You were on level 1 of the Dungeon.
You were completely stuffed.

You visited 1 branch of the dungeon, and saw 1 of its levels.

You collected 16 gold pieces.


Innate Abilities, Weirdness & Mutations

You recuperate from illness quickly.
You are small and have problems with some larger weapons.
You are carnivorous and can eat meat at any time.
You can eat rotten meat.


   Skills:
 - Level 2.4 Dodging
 - Level 2.6 Stealth
 - Level 2.0 Spellcasting
 + Level 4.6 Necromancy


You had 3 spell levels left.
You knew the following spells:

 Your Spells              Type           Power        Failure   Level  Hunger
z - Pain                  Necr           ##..         4%          1    ##.....
Z - Animate Skeleton      Necr           N/A          4%          1    ##.....

Inventory:

Hand weapons
 e - a cursed -2,+0 dagger (weapon)
Armour
 g - a +0 robe (worn)
Comestibles
 c - 2 meat rations
 j - a rotting chunk of goblin flesh {@*1}
 k - 2 chunks of hobgoblin flesh {@*1}
 m - 2 chunks of jackal flesh {@*1}
Scrolls
 d - 3 scrolls of amnesia {unknown}
 f - a scroll of identify {unknown}
 h - a scroll of immolation {unknown}
 i - 2 scrolls of teleportation {unknown}
 l - a scroll of enchant weapon II {unknown}
Jewellery
 a - an uncursed ring of sustenance {unknown}
Books
 b - a book of Necromancy

   Spells                             Type                      Level
   *Pain                              Necromancy                   1
   *Animate Skeleton                  Necromancy                   1
   Lethal Infusion                    Charms/Necromancy            2
   Vampiric Draining                  Necromancy                   3
   Regeneration                       Charms/Necromancy            3
   Animate Dead                       Necromancy                   4
   Control Undead                     Necromancy                   4

Dungeon Overview and Level Annotations

Branches:
Dungeon (1/15)

Altars:

▒▒▒ ▒······· ▒▒▒▒▒▒▒
▒········ ▒·····[
▒····!···· ▒······
▒·········▒▒▒▒······
▒···················
▒········%▒▒▒▒······
▒·z·h···············
▒·bK%·····▒▒▒▒······
▒▒▒▒z·▒▒▒▒▒▒▒▒▒·▒▒▒▒
▒··▒ ▒········ ▒z·▒
▒········ ▒z·▒
▒········ ▒··▒
▒········ ▒z·▒▒
▒········ ▒·z·▒
▒········
▒···▒▒▒▒▒········


You could see a jackal, a bat, a friendly rat skeleton, a friendly jackal
skeleton, a friendly goblin skeleton, 2 friendly hobgoblin skeletons and a
friendly kobold skeleton.


Message History

You barely miss the bat.
The bat is moderately wounded.
The bat barely misses you. The jackal closely misses you. The bat hits you.
Your jackal skeleton bites the bat.
The jackal misses you. The bat hits your jackal skeleton.
You closely miss the bat.
The bat is severely wounded.
The bat hits you but does no damage. The jackal bites you.
You hit the jackal but do no damage.
The jackal is lightly wounded.
The jackal misses you. The bat hits you but does no damage.
The jackal bites you.
* * * LOW HITPOINT WARNING * * *
You hit the jackal but do no damage.
The jackal is lightly wounded.
The bat closely misses you. The jackal bites you.
* * * LOW HITPOINT WARNING * * *
You hit the jackal but do no damage.
The jackal is lightly wounded.
The bat hits you.
* * * LOW HITPOINT WARNING * * *
The jackal bites you.
* * * LOW HITPOINT WARNING * * *
The bat misses you.
You closely miss the bat.
The bat is heavily wounded.
The jackal bites you.
* * * LOW HITPOINT WARNING * * *
The bat hits you.
You die...

Action                   || total
-------------------------++-------
Melee: Unarmed           ||     1
       Dagger            ||    31
 Cast: Pain              ||    17
       Animate Skeleton  ||     9
  Use: Potion            ||     1
 Stab: Sleeping          ||     1

Vault maps used:
D:1:      lemuel_arrival_muddy

Notes
Turn   | Place    | Note
--------------------------------------------------------------
     0 | D:1      | keeper, the Kobold Necromancer, began the quest for the Orb.
     0 | D:1      | Reached XP level 1. HP: 10/10 MP: 3/3
   308 | D:1      | Learned a level 1 spell: Animate Skeleton
   497 | D:1      | Reached XP level 2. HP: 10/15 MP: 1/4
   791 | D:1      | HP: 1/15 [jackal (2)]
   791 | D:1      | Slain by a bat

Vanquished Creatures
  An ooze (D:1)
  A bat (D:1)
  A giant cockroach (D:1)
  2 hobgoblins (D:1)
  3 goblins (D:1)
  A jackal (D:1)
  2 kobolds (D:1)
  2 rats (D:1)
13 creatures vanquished.

Vanquished Creatures (collateral kills)
  A hobgoblin (D:1)
  A jackal (D:1)
  A kobold (D:1)
3 creatures vanquished.

Vanquished Creatures (others)
  A bat skeleton (D:1)
  A kobold skeleton (D:1)
2 creatures vanquished.

Grand Total: 18 creatures vanquished
